 Dungeon Crawl Stone Soup version 0.17-a0-989-gada8a91 (webtiles) character file.

291 Ngotmuk the Covered (level 6, 23/57 HPs)
             Began as a Deep Dwarf Fighter on May 12, 2015.
             Quit the game on level 4 of the Dungeon.
             The game lasted 00:09:35 (2025 turns).

Ngotmuk the Covered (Deep Dwarf Fighter)            Turns: 2025, Time: 00:09:36

Health: 23/57      AC:  9    Str: 21    XL:     6   Next: 10%
Magic:  6/6        EV:  7    Int:  9    God:
Gold:   124        SH:  9    Dex: 14    Spells: 0 memorised, 5 levels left

rFire  . . .     SeeInvis .     a - +0 war axe
rCold  . . .     Clarity  .     b - +0 scale mail
rNeg   . . .     SustAb   .     c - +0 shield
rPois  .         Gourm    .     (no helmet)
rElec  .         Spirit   .     (no cloak)
rCorr  .         Warding  .     u - +0 pair of gloves
rMut   .         Stasis   .     i - +0 pair of boots
MR     .....                    (no amulet)
Stlth  ..........               y - -2 ring of dexterity (curse)
                                m - +4 ring of dexterity

@: non-regenerating, drained, not resistant to hostile enchantments, extremely
unstealthy
A: damage resistance, recharge devices, sense surroundings 1, slow healing 3
a: Device Recharging


You were on level 4 of the Dungeon.
You were not hungry.

You visited 1 branch of the dungeon, and saw 4 of its levels.

You collected 124 gold pieces.

Inventory:

Hand weapons
 a - a +0 war axe (weapon)
Armour
 b - a +0 scale mail (worn)
 c - a +0 shield (worn)
 i - a +0 pair of boots (worn)
 u - a +0 pair of gloves (worn)
Jewellery
 m - a +4 ring of dexterity (left hand)
 p - an uncursed ring of see invisible
 y - a cursed -2 ring of dexterity (right hand)
Magical devices
 e - a wand of heal wounds (3)
 x - a wand of enslavement (7)
Scrolls
 f - a scroll of fog {unknown}
 k - a scroll of immolation {unknown}
 l - a scroll of amnesia {unknown}
 n - 2 scrolls of remove curse {unknown}
 o - a scroll of magic mapping {unknown}
 r - a scroll of enchant weapon {unknown}
 s - 2 scrolls of identify {unknown}
 t - a scroll of teleportation {unknown}
Potions
 d - 2 potions of might
 h - a potion of invisibility {unknown}
 j - a potion of agility {unknown}
 q - 3 potions of brilliance {unknown}
 v - a potion of mutation {unknown}
 w - a potion of haste {unknown}
Comestibles
 g - 2 meat rations


   Skills:
 * Level 4.1(3.5) Fighting
 * Level 4.1(3.5) Axes
 + Level 4.5(3.9) Armour
 + Level 4.3(3.7) Shields


You had 5 spell levels left.
You didn't know any spells.

Dungeon Overview and Level Annotations

Branches:
Dungeon (4/15)
 Temple: D:4-7

Altars:
Elyvilon
Fedhas
Okawaru
Qazlal


Innate Abilities, Weirdness & Mutations

You are resistant to damage.
You can recharge devices by infusing magical energy.
You passively map a small area around you.
You do not heal naturally.


Message History

You hit the river rat.
You kill the river rat!
No target in view!
No target in view!
No target in view!
No target in view!
No target in view!
No target in view!
No target in view!
No target in view!
No target in view!
No target in view!
No target in view!
No target in view!
No target in view!
No target in view!
No target in view!
No target in view!
No target in view!
Are you sure you want to abandon this character and quit the game? (Confirm with "yes".)

, , , , §#. ♣♣* * PP .
P.♣ * * ♣♣♣.,,.♣ ..P * ♣
♣P♣.♣♣.* ♣.♣♣♣ * ♣,.
♣..♣.. ,♣..PP♣* *,
,..♣.,♣♣♣.P♣♣♣†P..♣
♣..♣♣P.P8..@♣.♣ , * ,
♣..P.........P♣ , * ,
,P♣...8.⌠.8.♣♣..?., , .♣♣
PPP.♣......PP.P..♣ *
.♣.♣♣♣P.♣♣.P.8P♣.♣....♣,
.♣..♣P♣..♣.♣P♣♣.♣♣♣.♣§..,
....♣..PP♣..♣....P..PP♣♣
♣...PP♣..♣♣♣..♣♣♣....♣§
,* ♣...♣..♣♣..P♣....♣♣. ♣


There were no monsters in sight!

Vanquished Creatures
  3 wights (D:4)
  Terence (D:3)
  2 river rats (D:4)
  5 adders
  3 worms (D:3)
  5 giant geckos
  An orc (D:2)
  3 giant cockroaches
  5 hobgoblins
  6 jackals (D:2)
  2 ball pythons
  7 bats
  6 giant newts
  8 goblins
  8 kobolds
  A quokka (D:2)
  7 rats
73 creatures vanquished.

Notes
Turn   | Place    | Note
--------------------------------------------------------------
     0 | D:1      | Ngotmuk the Deep Dwarf Fighter began the quest for the Orb.
     0 | D:1      | Reached XP level 1. HP: 20/20 MP: 1/1
   185 | D:1      | Reached XP level 2. HP: 22/27 MP: 2/2
   842 | D:2      | Reached XP level 3. HP: 24/34 MP: 3/3
   894 | D:2      | Reached XP level 4. HP: 27/42 MP: 4/4
  1015 | D:2      | Found a white marble altar of Elyvilon.
  1141 | D:2      | Reached skill level 4 in Armour
  1448 | D:3      | Found a blossoming altar of Fedhas.
  1495 | D:3      | Noticed Terence
  1501 | D:3      | Killed Terence
  1516 | D:3      | Found an iron altar of Okawaru.
  1548 | D:3      | Reached XP level 5. HP: 19/49 MP: 5/5
  1656 | D:3      | Found a stormy altar of Qazlal.
  1957 | D:4      | Reached XP level 6. HP: 9/57 MP: 6/6
  2025 | D:4      | Quit the game

Vault maps used:
D:1:      lemuel_arrival_muddy
D:2:      old_standard_altar, kennysheep_cross_room, kennysheep_generic_room_9
D:3:      old_standard_altar, lemuel_crystal_altar, lemuel_round_altar,
          uniq_terence
D:4:      wad_woods_tower, first_bread, okawaru_trees_1

Action                   |  1- 3 |  4- 6 || total
-------------------------+-------+-------++-------
Melee: War axe           |    95 |   138 ||   233
Evoke: Wand              |       |     2 ||     2
  Eat: Bread ration      |       |     1 ||     1
